 Dungeon Crawl Stone Soup version 0.29.1-15-g9cfb28693d (webtiles) character file.

Game seed: 17617170946589439801

39 jtron the Chopper (level 3, -2/33 HPs)
             Began as a Hill Orc Monk on Feb 27, 2023.
             Shot with a sling bullet by a kobold (7 damage)
             ... on level 2 of the Dungeon.
             The game lasted 00:03:13 (1612 turns).

jtron the Chopper (Hill Orc Monk)                   Turns: 1612, Time: 00:03:14

Health: -2/33      AC:  2    Str: 11 (13) XL:     3   Next: 47%
Magic:  3/3        EV: 12    Int:  7 (10) God:
Gold:   88         SH:  0    Dex: 13 (15) Spells: 2/2 levels left

rFire   + . .      SeeInvis .   a - +0 hand axe
rCold   . . .      Faith    .   (no shield)
rNeg    . . .      Spirit   .   d - +0 robe
rPois   .          Reflect  .   (no helmet)
rElec   .          Harm     .   (no cloak)
rCorr   .          Rampage  .   (no gloves)
Will    .....                   (no boots)
Stlth   ++........              (no amulet)
HPRegen 0.11/turn               f - ring of protection from fire
MPRegen 0.08/turn               (no ring)

@: brilliant
A: no striking features
a: no special abilities


You were on level 2 of the Dungeon.
You visited 1 branch of the dungeon, and saw 2 of its levels.

You collected 88 gold pieces.

Inventory:

Hand Weapons
 a - a +0 hand axe (weapon)
 b - a +0 dagger of pain
Missiles
 e - 3 stones (quivered)
Armour
 d - a +0 robe (worn)
Jewellery
 f - a ring of protection from fire (left hand)
Potions
 c - a potion of ambrosia


   Skills:
 + Level 4.3 Fighting
 + Level 4.5 Axes
 + Level 2.8 Dodging
 + Level 1.7 Stealth


You had 2 spell levels left.
You didn't know any spells.
Your spell library contained the following spells:

 Spells                   Type           Power      Damage    Failure   Level
 Apportation              Tloc           0%         N/A       43%         1
 Necrotise                Necr           0%         1d4       43%         1
 Summon Small Mammal      Summ           0%         N/A       43%         1


Dungeon Overview and Level Annotations

Branches:
Dungeon (2/15)

Altars:

Shops:
D:1 [?


Message History

The sling bullet barely misses you.
You miss the goblin.
The goblin is severely wounded.
The goblin closely misses you.
The kobold shoots a sling bullet.
The sling bullet hits you! The sling bullet burns you.
You hit the goblin but do no damage.
The goblin is severely wounded.
The kobold shoots a sling bullet.
The sling bullet hits you but does no damage.
The goblin misses you.
You closely miss the goblin.
The goblin is severely wounded.
The kobold shoots a sling bullet.
The sling bullet hits you. The goblin barely misses you.
You hit the goblin.
The goblin is almost dead.
The kobold shoots a sling bullet.
The sling bullet hits you but does no damage.
The goblin barely misses you. The goblin hits you with a +0 club.
The kobold shoots a sling bullet.
The sling bullet hits you.
You are too injured to fight recklessly!
You are too injured to fight recklessly!
You are too injured to fight recklessly!
You are too injured to fight recklessly!
It was a potion of brilliance.
You feel clever all of a sudden.
The kobold shoots a sling bullet.
The sling bullet closely misses you. The goblin hits you with a +0 club.
The kobold shoots a sling bullet.
The sling bullet closely misses you.
You hit the goblin.
You kill the goblin!
The kobold shoots a sling bullet.
The sling bullet hits you.
* * * LOW HITPOINT WARNING * * *
The sling bullet burns you.
* * * LOW HITPOINT WARNING * * *
It was a potion of degeneration.
There was something very wrong with that liquid.
You feel weakened.
You feel dopey.
You feel clumsy.
The kobold shoots a sling bullet.
The sling bullet hits you!
You die...

#.#
##..##......#......
#.###..###......#.....
###.#...## #........#
..>|..### ######...#
###.### #...## ##.#
#....## #.># ##.....#
#.## ###..###.# ##.#
#).@.# ... .).#
#..K##.......# .###
#..............# .#
#...#..###.#...... .#
....... #.#...... ...#
#...... #.###.### ..##
#...... ..# .# .##
.##... .## # .#


You could see a kobold.

Vanquished Creatures
  A dart slug (D:1)
  3 bats (D:1)
  3 endoplasms (D:1)
  5 giant cockroaches (D:1)
  3 hobgoblins
  3 jackals (D:2)
  4 kobolds
  2 frilled lizards (D:1)
  6 goblins
  A rat (D:1)
31 creatures vanquished.

Notes
Turn   | Place    | Note
-------+----------+-------------------------------------------
     0 | D:1      | jtron the Hill Orc Monk began the quest for the Orb.
     0 | D:1      | Reached XP level 1. HP: 19/19 MP: 1/1
    43 | D:1      | Found Iziu's Antique Armour Emporium.
   127 | D:1      | Found Xawnar's Magic Scroll Shoppe.
   141 | D:1      | Reached XP level 2. HP: 16/27 MP: 2/2
   564 | D:1      | Reached XP level 3. HP: 25/33 MP: 3/3
   813 | D:1      | Found a faded altar of an unknown god.
  1598 | D:2      | Identified the +7 sling of Lies {flame, +Blink}
  1612 | D:2      | Shot with a sling bullet by a kobold

Illustrated notes

Levels and vault maps discovered:
D:1:      kennysheep_arrival_seaside, layout_rooms, serial_shops, shop, shop,
          serial_curves, eino_curves_02, eino_curves_03, eino_curves_02,
          eino_curves_02, shapermc_ecumenical_altar_acropolis, chequers_jeans,
          hangedman_decor_peaks_small, minmay_misc_feat_tower
D:2:      layout_rooms, serial_shops, shop

Skill      XL: |  1 |
---------------+----+-----
Fighting       | 4 |  4.3
Axes           | |  4.5
Dodging        | |  2.8
Stealth        | |  1.7

Action                   || total
-------------------------++-------
Melee: Hand axe          ||   113
       Dagger            ||    11
       Punch             ||     1
  Use: Potion            ||     3
       Scroll            ||     2
 Stab: Sleeping          ||     5
Armor: Robe              ||    31
Dodge: Dodged            ||    90
